WCHLSIM.com - West Coast Hockey League
html PUBLIC "-//W3C//DTD XHTML 1.0 Transitional//EN" "http://www.w3.org/TR/xhtml1/DTD/xhtml1-transitional.dtd"> WCHL - Game 132 - RENO LIONS vs COLORADO GLACIERCATS

RENO LIONS vs COLORADO GLACIERCATS

Created - 1 novembre 2021 at 21:50

Goals
1 2 3 T
RENO LIONS 0 0 1 1
COLORADO GLACIERCATS 0 0 0 0
Shots
1 2 3 T
RENO LIONS 11 8 7 26
COLORADO GLACIERCATS 9 7 2 18

1st period

No Goal

Penalties :
Jacob Trouba (REN) for Hooking (Minor) at 18:16

2nd period

No Goal

Penalties :
Dustin Brown (COL) for Holding (Minor) at 3:43, Jacob Trouba (REN) for Hooking (Minor) at 6:20

3rd period

1. RENO LIONS , Blake Coleman 5 (Pierre-Luc Dubois 4, Justin Schultz 4) at 17:24

Penalties :
Devon Toews (COL) for Tripping (Minor) at 1:23

Goalie Stats

Jaroslav Halak (REN), 18 saves from 18 shots - (1,000), W, 1-1-0, 60:00 minutes
Troy Grosenick (COL), 25 saves from 26 shots - (0,962), L, 0-1-0, 59:51 minutes

Players Stats for RENO LIONS

Player Name              G  A  P  +/- PIM S  H  SB GA TA FO     MP     PP MP  PK MP  
------------------------------------------------------------------------------------
Anders Lee               0  0  0   0  0   4  2  0  0  0  2/2    18:13   0:00   0:00 
Blake Coleman            1  0  1   1  0   4  0  0  0  0  0/1    19:46   1:41   2:26 
Cam Atkinson             0  0  0   1  0   3  1  0  0  0  1/1    17:38   1:59   0:00 
Elias Pettersson         0  0  0   0  0   0  2  0  0  0  8/25   20:30   2:17   0:00 
Ethan Bear               0  0  0   1  0   0  1  2  0  0  0/0    20:44   0:00   2:37 
Evgeny Dadonov           0  0  0   0  0   0  0  0  0  0  1/1    11:38   0:00   1:32 
Jacob Trouba             0  0  0   0  4   2  3  0  0  0  0/0    22:44   2:11   0:00 
Jayce Hawryluk           0  0  0   0  0   0  4  0  0  0  2/6     8:06   0:00   0:00 
Justin Schultz           0  1  1   1  0   2  2  1  0  0  0/0    22:15   1:47   2:21 
Juuso Valimaki           0  0  0   0  0   1  0  2  0  0  0/0    17:45   1:53   2:08 
Kirill Kaprizov          0  0  0   0  0   2  1  0  0  0  0/0    20:30   2:17   0:00 
Leo Komarov              0  0  0   0  0   1  3  0  0  0  0/0    10:06   0:00   0:00 
Oliver Ekman-Larsson     0  0  0   0  0   0  1  0  0  0  0/0    23:08   2:05   0:50 
Pierre-Luc Dubois        0  1  1   1  0   3  2  0  0  0  5/13   18:52   1:41   1:32 
Robert Hagg              0  0  0   0  0   0  2  0  0  0  0/0    13:22   0:00   0:00 
Tomas Nosek              0  0  0   0  0   4  1  0  0  0  7/16   14:13   1:41   2:26 
Tyler Benson             0  0  0   0  0   0  0  0  0  0  0/0     8:06   0:00   0:00 
Vincent Hinostroza       0  0  0   0  0   0  0  0  0  0  0/1     8:24   0:18   0:00 

Players Stats for COLORADO GLACIERCATS

Player Name              G  A  P  +/- PIM S  H  SB GA TA FO     MP     PP MP  PK MP  
------------------------------------------------------------------------------------
Alex Iafallo             0  0  0   0  0   1  0  0  0  0  1/1    14:36   1:55   0:00 
Brayden Schenn           0  0  0   0  0   1  1  0  0  0  1/3    19:22   1:55   0:00 
Cameron Hughes           0  0  0  -1  0   0  0  0  0  0  0/0     6:47   0:00   0:04 
Devon Toews              0  0  0  -1  2   0  4  2  0  0  0/0    23:34   2:19   1:11 
Dustin Brown             0  0  0   0  2   2  1  0  0  0  0/0    12:26   0:00   0:00 
Erik Brannstrom          0  0  0   0  0   0  0  0  0  0  0/0    18:09   1:39   0:21 
Ilya Lyubushkin          0  0  0   0  0   0  3  0  0  0  0/0    17:17   0:00   1:08 
Joonas Donskoi           0  0  0   0  0   1  0  1  0  0  0/0    19:36   1:55   2:14 
Leon Draisaitl           0  0  0   0  0   1  0  0  0  0  2/3    21:10   2:03   1:40 
Luke Glendening          0  0  0  -1  0   0  1  0  0  0  5/10    9:01   0:00   2:18 
Ryan Ellis               0  0  0   0  0   0  0  0  0  0  0/0    18:47   1:39   1:18 
Ryan Getzlaf             0  0  0   0  0   2  1  0  0  0  12/18  15:13   0:00   0:00 
Sam Reinhart             0  0  0   0  0   4  0  0  0  0  3/4    17:30   2:03   0:00 
Tage Thompson            0  0  0  -1  0   0  0  0  0  0  0/0     6:43   0:00   0:00 
Tomas Hertl              0  0  0   0  0   2  0  0  0  0  7/14   19:30   2:03   0:00 
Torey Krug               0  0  0  -1  0   1  1  1  0  0  0/0    22:15   2:19   2:40 
Tyson Jost               0  0  0   0  0   3  0  1  0  0  9/13   14:07   0:00   1:40 
Vladislav Gavrikov       0  0  0   0  0   0  1  1  0  0  0/0    19:57   0:00   1:18 

3 Stars

1 - Jaroslav Halak (REN)
2 - Troy Grosenick (COL)
3 - Blake Coleman (REN)

Power Play

RENO LIONS - 0 on 2 Attempt(s) - 0,00%
COLORADO GLACIERCATS - 0 on 2 Attempt(s) - 0,00%

Penalty Kill

RENO LIONS - 2 on 2 Attempt(s) - 100,00% - Score 0 goal in Penalty Kill
COLORADO GLACIERCATS - 2 on 2 Attempt(s) - 100,00% - Score 0 goal in Penalty Kill

Team Stat

RENO LIONS - Hits : 25 - Faceoff Wins : 26 - Blocked Shots : 5 - Penalty Minutes : 4
COLORADO GLACIERCATS - Hits : 13 - Faceoff Wins : 40 - Blocked Shots : 6 - Penalty Minutes : 4

Official

Referees : Mitch Dunning and Conor O'Donnell
Linesman : Jaime Alary and Steve Miller

Game Notes

No Game Note

Finance

Level 1 -- Attendance: 7225 (85,00%) -- Ticket Income 1 040 400 $
Level 2 -- Attendance: 4900 (81,67%) -- Ticket Income 563 500 $
Level 3 -- Attendance: 3000 (100,00%) -- Ticket Income 252 000 $
Level 4 -- Attendance: 4373 (87,46%) -- Ticket Income 275 499 $
Luxury Box -- Attendance: 1030 (93,64%) -- Ticket Income 319 300 $
Game was played at the GC Place.
Total Attendance: 20528 (86,98%)
Total Ticket Income: 2 450 699 $
Other Expense: 24 507 $
Total Income: 2 426 192 $

RENO LIONS

5 vs 5 Forward 
   Center                   Left Wing                Right Wing               Time % Phy DF OF 
 1 Elias Pettersson         Anders Lee               Kirill Kaprizov          40     1   1  3  
 2 Pierre-Luc Dubois        Blake Coleman            Cam Atkinson             35     1   1  3  
 3 Tomas Nosek              Leo Komarov              Evgeny Dadonov           20     1   2  2  
 4 Jayce Hawryluk           Tyler Benson             Vincent Hinostroza       5      1   2  2  

5 vs 5 Defense 
   Defense                  Defense                                           Time % Phy DF OF 
 1 Jacob Trouba             Oliver Ekman-Larsson                              36     1   1  3  
 2 Justin Schultz           Ethan Bear                                        36     1   2  2  
 3 Juuso Valimaki           Robert Hagg                                       23     1   2  2  
 4 Jacob Trouba             Oliver Ekman-Larsson                              5      1   2  2  

PowerPlay Forward 
   Center                   Left Wing                Right Wing               Time % Phy DF OF 
 1 Elias Pettersson         Kirill Kaprizov          Cam Atkinson             55     1   0  4  
 2 Tomas Nosek              Pierre-Luc Dubois        Blake Coleman            45     1   0  4  

PowerPlay Defense
   Defense                  Defense                                           Time % Phy DF OF 
 1 Justin Schultz           Oliver Ekman-Larsson                              55     0   1  4  
 2 Jacob Trouba             Juuso Valimaki                                    45     0   1  4  

Penalty Kill 4 Players Forward 
   Center                   Wing                     Time % Phy DF OF 
 1 Tomas Nosek              Blake Coleman            55     1   3  1  
 2 Pierre-Luc Dubois        Evgeny Dadonov           45     1   3  1  

Penalty Kill 4 Players Defense
   Defense                  Defense                  Time % Phy DF OF 
 1 Jacob Trouba             Justin Schultz           55     1   3  1  
 2 Ethan Bear               Juuso Valimaki           45     1   3  1  

Penalty Kill - 3 Players Forward 
   Forward                                           Time % Phy DF OF 
 1 Blake Coleman                                     55     0   5  0  
 2 Elias Pettersson                                  45     0   5  0  

Penalty Kill - 3 Players Defense
   Defense                  Defense                  Time % Phy DF OF 
 1 Jacob Trouba             Justin Schultz           55     0   5  0  
 2 Ethan Bear               Juuso Valimaki           45     0   5  0  

4 vs 4 Forward 
   Center                   Wing                     Time % Phy DF OF 
 1 Pierre-Luc Dubois        Evgeny Dadonov           60     1   2  2  
 2 Leo Komarov              Vincent Hinostroza       40     1   2  2  

4 vs 4 Defense
   Defense                  Defense                  Time % Phy DF OF 
 1 Robert Hagg              Oliver Ekman-Larsson     60     1   2  2  
 2 Ethan Bear               Justin Schultz           40     1   2  2  

Last Minutes Offensive
   Center                   Left Wing                Right Wing               Defense                  Defense                  
   Elias Pettersson         Kirill Kaprizov          Cam Atkinson             Oliver Ekman-Larsson     Justin Schultz           

Last Minutes Defensive
   Center                   Left Wing                Right Wing               Defense                  Defense                  
   Elias Pettersson         Anders Lee               Blake Coleman            Jacob Trouba             Justin Schultz           

Goaltenders
Starting : Jaroslav Halak           
Backup : Elvis Merzlikins         

Extra Forwards
Normal : Kirill Kaprizov, Cam Atkinson, Tyler Benson - PP : Kirill Kaprizov, Cam Atkinson - PK : Evgeny Dadonov
Extra Defensemen
Normal : Oliver Ekman-Larsson, Ethan Bear, Robert Hagg - PP : Juuso Valimaki - PK : Jacob Trouba, Justin Schultz
Penalty Shots
Kirill Kaprizov, Cam Atkinson, Elias Pettersson, Tomas Nosek, Anders Lee
Custom OT Lines Forwards
Tomas Nosek, Anders Lee, Kirill Kaprizov, Blake Coleman, Cam Atkinson, Elias Pettersson, Pierre-Luc Dubois, Vincent Hinostroza, Evgeny Dadonov, Leo Komarov
Custom OT Lines Defensemen
Jacob Trouba, Oliver Ekman-Larsson, Justin Schultz, Ethan Bear, Juuso Valimaki

Scratches
William Karlsson (Bruised Right Leg Injury)

COLORADO GLACIERCATS

5 vs 5 Forward 
   Center                   Left Wing                Right Wing               Time % Phy DF OF 
 1 Tomas Hertl              Brayden Schenn           Leon Draisaitl           36     0   2  3  
 2 Ryan Getzlaf             Joonas Donskoi           Sam Reinhart             33     1   2  2  
 3 Tyson Jost               Alex Iafallo             Dustin Brown             26     1   2  2  
 4 Luke Glendening          Cameron Hughes           Tage Thompson            5      1   2  2  

5 vs 5 Defense 
   Defense                  Defense                                           Time % Phy DF OF 
 1 Torey Krug               Devon Toews                                       32     0   3  2  
 2 Ryan Ellis               Vladislav Gavrikov                                32     0   2  3  
 3 Erik Brannstrom          Ilya Lyubushkin                                   30     0   4  1  
 4 Devon Toews              Vladislav Gavrikov                                6      0   1  4  

PowerPlay Forward 
   Center                   Left Wing                Right Wing               Time % Phy DF OF 
 1 Tomas Hertl              Leon Draisaitl           Sam Reinhart             50     0   0  5  
 2 Brayden Schenn           Alex Iafallo             Joonas Donskoi           50     1   1  3  

PowerPlay Defense
   Defense                  Defense                                           Time % Phy DF OF 
 1 Torey Krug               Devon Toews                                       60     0   1  4  
 2 Ryan Ellis               Erik Brannstrom                                   40     0   2  3  

Penalty Kill 4 Players Forward 
   Center                   Wing                     Time % Phy DF OF 
 1 Luke Glendening          Joonas Donskoi           50     0   4  1  
 2 Leon Draisaitl           Tyson Jost               50     0   4  1  

Penalty Kill 4 Players Defense
   Defense                  Defense                  Time % Phy DF OF 
 1 Ryan Ellis               Vladislav Gavrikov       50     1   4  0  
 2 Devon Toews              Torey Krug               50     1   4  0  

Penalty Kill - 3 Players Forward 
   Forward                                           Time % Phy DF OF 
 1 Luke Glendening                                   50     0   5  0  
 2 Tyson Jost                                        50     0   5  0  

Penalty Kill - 3 Players Defense
   Defense                  Defense                  Time % Phy DF OF 
 1 Ryan Ellis               Vladislav Gavrikov       50     0   5  0  
 2 Devon Toews              Torey Krug               50     0   5  0  

4 vs 4 Forward 
   Center                   Wing                     Time % Phy DF OF 
 1 Tomas Hertl              Leon Draisaitl           50     0   1  4  
 2 Brayden Schenn           Joonas Donskoi           50     0   1  4  

4 vs 4 Defense
   Defense                  Defense                  Time % Phy DF OF 
 1 Devon Toews              Torey Krug               45     0   3  2  
 2 Ryan Ellis               Vladislav Gavrikov       55     0   3  2  

Last Minutes Offensive
   Center                   Left Wing                Right Wing               Defense                  Defense                  
   Tomas Hertl              Leon Draisaitl           Sam Reinhart             Devon Toews              Torey Krug               

Last Minutes Defensive
   Center                   Left Wing                Right Wing               Defense                  Defense                  
   Tomas Hertl              Tyson Jost               Leon Draisaitl           Devon Toews              Ryan Ellis               

Goaltenders
Starting : Troy Grosenick           
Backup : Kaapo Kahkonen           

Extra Forwards
Normal : Leon Draisaitl, Sam Reinhart, Tomas Hertl - PP : Dustin Brown, Tyson Jost - PK : Cameron Hughes
Extra Defensemen
Normal : Erik Brannstrom, Ilya Lyubushkin, Vladislav Gavrikov - PP : Vladislav Gavrikov - PK : Ilya Lyubushkin, Erik Brannstrom
Penalty Shots
Leon Draisaitl, Sam Reinhart, Tomas Hertl, Brayden Schenn, Joonas Donskoi
Custom OT Lines Forwards
Leon Draisaitl, Tomas Hertl, Sam Reinhart, Brayden Schenn, Tyson Jost, Joonas Donskoi, Alex Iafallo, Dustin Brown, Ryan Getzlaf, Luke Glendening
Custom OT Lines Defensemen
Devon Toews, Ryan Ellis, Torey Krug, Vladislav Gavrikov, Erik Brannstrom

Scratches
Craig Anderson (Separated Right Shoulder Injury)

% Time on Ice - RENO LIONS

Lines # - Real PCT - Wanted PCT - Time Play
Normal Forward
1 - 35% - 40% - 17:51
2 - 30% - 35% - 15:39
3 - 20% - 20% - 10:06
4 - 16% - 5% - 8:06
Normal Defense
1 - 37% - 36% - 19:15
2 - 35% - 36% - 18:07
3 - 26% - 23% - 13:22
4 - 2% - 5% - 0:58
PP Forward
1 - 58% - 55% - 2:17
2 - 42% - 45% - 1:41
PP Defense
1 - 53% - 55% - 2:05
2 - 47% - 45% - 1:53
PK Forward
1 - 61% - 55% - 2:26
2 - 39% - 45% - 1:32
PK Defense
1 - 80% - 55% - 3:11
2 - 20% - 45% - 0:47
PK3 Forward
1 - 0% - 55%
2 - 0% - 45%
PK3 Defense
1 - 0% - 55%
2 - 0% - 45%
44 Forward
1 - 0% - 60%
2 - 0% - 40%
44 Defense
1 - 0% - 60%
2 - 0% - 40%
Last Minute Offensive  - 0:00
Last Minute Defensive  - 0:22
Total
Forward - 60:00
Defense - 60:00

% Time on Ice - COLORADO GLACIERCATS

Lines # - Real PCT - Wanted PCT - Time Play
Normal Forward
1 - 34% - 36% - 17:27
2 - 29% - 33% - 15:13
3 - 24% - 26% - 12:27
4 - 13% - 5% - 6:43
Normal Defense
1 - 33% - 32% - 17:02
2 - 31% - 32% - 15:50
3 - 31% - 30% - 16:09
4 - 5% - 6% - 2:49
PP Forward
1 - 52% - 50% - 2:03
2 - 48% - 50% - 1:55
PP Defense
1 - 58% - 60% - 2:19
2 - 42% - 40% - 1:39
PK Forward
1 - 58% - 50% - 2:18
2 - 42% - 50% - 1:40
PK Defense
1 - 33% - 50% - 1:18
2 - 67% - 50% - 2:40
PK3 Forward
1 - 0% - 50%
2 - 0% - 50%
PK3 Defense
1 - 0% - 50%
2 - 0% - 50%
44 Forward
1 - 0% - 50%
2 - 0% - 50%
44 Defense
1 - 0% - 45%
2 - 0% - 55%
Last Minute Offensive  - 0:14
Last Minute Defensive  - 0:00
Total
Forward - 60:00
Defense - 60:00

Play-by-Play

1st period


0:01 of 1st period - Tomas Hertl wins face-off versus Elias Pettersson in neutral zone.
0:10 of 1st period - Shot by Anders Lee.
0:10 of 1st period - Stopped by Troy Grosenick with a rebound.
0:16 of 1st period - Shot by Kirill Kaprizov.
0:16 of 1st period - Stopped by Troy Grosenick without a rebound.
0:17 of 1st period - Ryan Getzlaf wins face-off versus Pierre-Luc Dubois in COLORADO GLACIERCATS zone.
0:27 of 1st period - Shot by Joonas Donskoi.
0:27 of 1st period - Stopped by Jaroslav Halak without a rebound.
0:28 of 1st period - Tyson Jost wins face-off versus Tomas Nosek in RENO LIONS zone.
0:39 of 1st period - Shot by Dustin Brown.
0:39 of 1st period - Shot Blocked by Juuso Valimaki.
1:02 of 1st period - Shot by Tyson Jost.
1:02 of 1st period - Stopped by Jaroslav Halak with a rebound.
1:23 of 1st period - Joonas Donskoi is hit by Robert Hagg and loses puck.
1:30 of 1st period - Shot by Ryan Getzlaf.
1:30 of 1st period - Shot Misses the Net.
1:34 of 1st period - Shot by Sam Reinhart.
1:34 of 1st period - Stopped by Jaroslav Halak without a rebound.
1:35 of 1st period - Pierre-Luc Dubois wins face-off versus Tomas Hertl in RENO LIONS zone.
1:57 of 1st period - Shot by Pierre-Luc Dubois.
1:57 of 1st period - Stopped by Troy Grosenick without a rebound.
1:58 of 1st period - Ryan Getzlaf wins face-off versus Elias Pettersson in COLORADO GLACIERCATS zone.
2:33 of 1st period - Shot by Anders Lee.
2:33 of 1st period - Stopped by Troy Grosenick with a rebound.
2:35 of 1st period - Shot by Elias Pettersson.
2:35 of 1st period - Shot Misses the Net.
2:57 of 1st period - Blake Coleman is hit by Ryan Getzlaf and loses puck.
4:24 of 1st period - Shot by Tyson Jost.
4:24 of 1st period - Stopped by Jaroslav Halak without a rebound.
4:25 of 1st period - Elias Pettersson wins face-off versus Luke Glendening in RENO LIONS zone.
4:30 of 1st period - Vladislav Gavrikov is hit by Elias Pettersson and loses puck.
4:59 of 1st period - Shot by Kirill Kaprizov.
4:59 of 1st period - Deflect By Elias Pettersson.
4:59 of 1st period - Shot Misses the Net.
5:01 of 1st period - Shot by Oliver Ekman-Larsson.
5:01 of 1st period - Shot Misses the Net.
5:03 of 1st period - Shot by Oliver Ekman-Larsson.
5:03 of 1st period - Shot Misses the Net.
5:05 of 1st period - Shot by Oliver Ekman-Larsson.
5:05 of 1st period - Shot Misses the Net.
5:27 of 1st period - Shot by Tomas Nosek.
5:27 of 1st period - Stopped by Troy Grosenick without a rebound.
5:28 of 1st period - Jayce Hawryluk wins face-off versus Tomas Hertl in COLORADO GLACIERCATS zone.
6:16 of 1st period - Icing by Robert Hagg.
6:17 of 1st period - Ryan Getzlaf wins face-off versus Jayce Hawryluk in RENO LIONS zone.
6:18 of 1st period - Shot by Joonas Donskoi.
6:18 of 1st period - Shot Misses the Net.
7:25 of 1st period - Off-side.
7:26 of 1st period - Elias Pettersson wins face-off versus Tomas Hertl in neutral zone.
7:35 of 1st period - Shot by Brayden Schenn.
7:35 of 1st period - Shot Hit the Post.
7:37 of 1st period - Shot by Tomas Hertl.
7:37 of 1st period - Shot Blocked by Ethan Bear.
7:48 of 1st period - Brayden Schenn is hit by Justin Schultz and loses puck.
8:03 of 1st period - Shot by Brayden Schenn.
8:03 of 1st period - Stopped by Jaroslav Halak without a rebound.
8:04 of 1st period - Tyson Jost wins face-off versus Pierre-Luc Dubois in RENO LIONS zone.
8:05 of 1st period - Shot by Alex Iafallo.
8:05 of 1st period - Deflect By Dustin Brown.
8:05 of 1st period - Stopped by Jaroslav Halak without a rebound.
8:06 of 1st period - Tyson Jost wins face-off versus Pierre-Luc Dubois in RENO LIONS zone.
8:10 of 1st period - Icing by Blake Coleman.
8:11 of 1st period - Pierre-Luc Dubois wins face-off versus Tyson Jost in RENO LIONS zone.
8:34 of 1st period - Shot by Blake Coleman.
8:34 of 1st period - Shot Misses the Net.
8:36 of 1st period - Shot by Blake Coleman.
8:36 of 1st period - Shot Blocked by Tyson Jost.
8:38 of 1st period - Shot by Jacob Trouba.
8:38 of 1st period - Shot Blocked by Devon Toews.
8:40 of 1st period - Shot by Jacob Trouba.
8:40 of 1st period - Shot Misses the Net.
8:42 of 1st period - Shot by Blake Coleman.
8:42 of 1st period - Shot Misses the Net.
8:48 of 1st period - Shot by Pierre-Luc Dubois.
8:48 of 1st period - Stopped by Troy Grosenick without a rebound.
8:49 of 1st period - Anders Lee wins face-off versus Ryan Getzlaf in COLORADO GLACIERCATS zone.
9:17 of 1st period - Shot by Ryan Getzlaf.
9:17 of 1st period - Shot Misses the Net.
9:30 of 1st period - Icing by Ryan Getzlaf.
9:31 of 1st period - Tomas Nosek wins face-off versus Ryan Getzlaf in COLORADO GLACIERCATS zone.
10:16 of 1st period - Tomas Nosek is hit by Brayden Schenn and loses puck.
11:10 of 1st period - Ryan Ellis is hit by Jacob Trouba and loses puck.
11:18 of 1st period - Alex Iafallo is hit by Jacob Trouba and loses puck.
11:24 of 1st period - Alex Iafallo is hit by Jacob Trouba and loses puck.
12:03 of 1st period - Ryan Getzlaf is hit by Justin Schultz and loses puck.
12:25 of 1st period - Devon Toews is hit by Pierre-Luc Dubois and loses puck.
13:32 of 1st period - Icing by Ryan Ellis.
13:33 of 1st period - Brayden Schenn wins face-off versus Elias Pettersson in COLORADO GLACIERCATS zone.
14:03 of 1st period - Shot by Elias Pettersson.
14:03 of 1st period - Shot Hit the Post.
14:29 of 1st period - Icing by Juuso Valimaki.
14:30 of 1st period - Tyson Jost wins face-off versus Elias Pettersson in RENO LIONS zone.
14:36 of 1st period - Off-side.
14:37 of 1st period - Tyson Jost wins face-off versus Jayce Hawryluk in neutral zone.
14:46 of 1st period - Shot by Dustin Brown.
14:46 of 1st period - Stopped by Jaroslav Halak without a rebound.
14:47 of 1st period - Ryan Getzlaf wins face-off versus Jayce Hawryluk in RENO LIONS zone.
14:57 of 1st period - Icing by Jacob Trouba.
14:58 of 1st period - Tyson Jost wins face-off versus Vincent Hinostroza in RENO LIONS zone.
15:25 of 1st period - Tyson Jost is hit by Jayce Hawryluk.
16:00 of 1st period - Shot by Anders Lee.
16:00 of 1st period - Shot Misses the Net.
16:18 of 1st period - Torey Krug is hit by Elias Pettersson and loses puck.
16:39 of 1st period - Shot by Blake Coleman.
16:39 of 1st period - Shot Blocked by Devon Toews.
16:41 of 1st period - Shot by Blake Coleman.
16:41 of 1st period - Shot Misses the Net.
16:43 of 1st period - Shot by Blake Coleman.
16:43 of 1st period - Stopped by Troy Grosenick with a rebound.
16:45 of 1st period - Shot by Pierre-Luc Dubois.
16:45 of 1st period - Shot Misses the Net.
16:47 of 1st period - Shot by Cam Atkinson.
16:47 of 1st period - Stopped by Troy Grosenick with a rebound.
16:49 of 1st period - Shot by Cam Atkinson.
16:49 of 1st period - Stopped by Troy Grosenick with a rebound.
16:53 of 1st period - Shot by Cam Atkinson.
16:53 of 1st period - Stopped by Troy Grosenick without a rebound.
16:54 of 1st period - Tomas Hertl wins face-off versus Tomas Nosek in COLORADO GLACIERCATS zone.
17:04 of 1st period - Brayden Schenn is hit by Oliver Ekman-Larsson and loses puck.
17:10 of 1st period - Off-side.
17:11 of 1st period - Jayce Hawryluk wins face-off versus Ryan Getzlaf in neutral zone.
17:23 of 1st period - Joonas Donskoi is hit by Jayce Hawryluk and loses puck.
17:27 of 1st period - Icing by Ryan Getzlaf.
17:28 of 1st period - Elias Pettersson wins face-off versus Ryan Getzlaf in COLORADO GLACIERCATS zone.
17:28 of 1st period - Kirill Kaprizov is hit by Ilya Lyubushkin and loses puck.
17:31 of 1st period - Shot by Anders Lee.
17:31 of 1st period - Stopped by Troy Grosenick without a rebound.
17:32 of 1st period - Tomas Hertl wins face-off versus Elias Pettersson in COLORADO GLACIERCATS zone.
17:57 of 1st period - Shot by Leon Draisaitl.
17:57 of 1st period - Shot Misses the Net.
17:59 of 1st period - Shot by Leon Draisaitl.
17:59 of 1st period - Stopped by Jaroslav Halak without a rebound.
18:00 of 1st period - Ryan Getzlaf wins face-off versus Pierre-Luc Dubois in RENO LIONS zone.
18:16 of 1st period - Minor Penalty to Jacob Trouba for Hooking.
18:17 of 1st period - Sam Reinhart wins face-off versus Tomas Nosek in RENO LIONS zone.
18:30 of 1st period - Shot by Devon Toews.
18:30 of 1st period - Shot Misses the Net.
18:32 of 1st period - Shot by Leon Draisaitl.
18:32 of 1st period - Shot Misses the Net.
18:34 of 1st period - Shot by Torey Krug.
18:34 of 1st period - Stopped by Jaroslav Halak without a rebound.
18:35 of 1st period - Tomas Nosek wins face-off versus Brayden Schenn in RENO LIONS zone.
Goals for this period are 0 for RENO LIONS vs 0 for COLORADO GLACIERCATS.
Shots for this period are 11 for RENO LIONS vs 9 for COLORADO GLACIERCATS.

2nd period


0:01 of 2nd period - Tomas Nosek wins face-off versus Brayden Schenn in neutral zone.
1:15 of 2nd period - Icing by Jacob Trouba.
1:16 of 2nd period - Sam Reinhart wins face-off versus Elias Pettersson in RENO LIONS zone.
1:32 of 2nd period - Joonas Donskoi is hit by Anders Lee and loses puck.
3:01 of 2nd period - Off-side.
3:02 of 2nd period - Tyson Jost wins face-off versus Tomas Nosek in neutral zone.
3:35 of 2nd period - Tyson Jost is hit by Leo Komarov and loses puck.
3:43 of 2nd period - Minor Penalty to Dustin Brown for Holding.
3:44 of 2nd period - Leon Draisaitl wins face-off versus Elias Pettersson in COLORADO GLACIERCATS zone.
3:44 of 2nd period - Leon Draisaitl is hit by Cam Atkinson.
3:59 of 2nd period - Off-side.
4:00 of 2nd period - Elias Pettersson wins face-off versus Luke Glendening in neutral zone.
4:22 of 2nd period - Shot by Cam Atkinson.
4:22 of 2nd period - Shot Misses the Net.
5:24 of 2nd period - Shot by Kirill Kaprizov.
5:24 of 2nd period - Shot Blocked by Joonas Donskoi.
5:26 of 2nd period - Shot by Jacob Trouba.
5:26 of 2nd period - Shot Misses the Net.
5:28 of 2nd period - Shot by Jacob Trouba.
5:28 of 2nd period - Stopped by Troy Grosenick without a rebound.
5:29 of 2nd period - Tomas Nosek wins face-off versus Luke Glendening in COLORADO GLACIERCATS zone.
5:32 of 2nd period - Shot by Pierre-Luc Dubois.
5:32 of 2nd period - Stopped by Troy Grosenick without a rebound.
5:33 of 2nd period - Luke Glendening wins face-off versus Elias Pettersson in COLORADO GLACIERCATS zone.
6:00 of 2nd period - Leon Draisaitl is hit by Ethan Bear and loses puck.
6:07 of 2nd period - Shot by Tomas Hertl.
6:07 of 2nd period - Stopped by Jaroslav Halak without a rebound.
6:08 of 2nd period - Luke Glendening wins face-off versus Tomas Nosek in RENO LIONS zone.
6:20 of 2nd period - Minor Penalty to Jacob Trouba for Hooking.
6:21 of 2nd period - Tomas Hertl wins face-off versus Tomas Nosek in RENO LIONS zone.
8:29 of 2nd period - Shot by Elias Pettersson.
8:29 of 2nd period - Shot Misses the Net.
9:07 of 2nd period - Shot by Alex Iafallo.
9:07 of 2nd period - Stopped by Jaroslav Halak without a rebound.
9:08 of 2nd period - Alex Iafallo wins face-off versus Jayce Hawryluk in RENO LIONS zone.
9:39 of 2nd period - Shot by Tyson Jost.
9:39 of 2nd period - Shot Misses the Net.
10:39 of 2nd period - Shot by Blake Coleman.
10:39 of 2nd period - Shot Misses the Net.
10:41 of 2nd period - Shot by Justin Schultz.
10:41 of 2nd period - Stopped by Troy Grosenick without a rebound.
10:42 of 2nd period - Ryan Getzlaf wins face-off versus Elias Pettersson in COLORADO GLACIERCATS zone.
10:47 of 2nd period - Shot by Sam Reinhart.
10:47 of 2nd period - Stopped by Jaroslav Halak without a rebound.
10:48 of 2nd period - Anders Lee wins face-off versus Ryan Getzlaf in RENO LIONS zone.
11:28 of 2nd period - Shot by Ryan Getzlaf.
11:28 of 2nd period - Stopped by Jaroslav Halak with a rebound.
11:30 of 2nd period - Shot by Ryan Ellis.
11:30 of 2nd period - Shot Misses the Net.
11:39 of 2nd period - Icing by Anders Lee.
11:40 of 2nd period - Elias Pettersson wins face-off versus Tomas Hertl in RENO LIONS zone.
12:02 of 2nd period - Icing by Oliver Ekman-Larsson.
12:03 of 2nd period - Elias Pettersson wins face-off versus Tyson Jost in RENO LIONS zone.
12:47 of 2nd period - Shot by Justin Schultz.
12:47 of 2nd period - Stopped by Troy Grosenick without a rebound.
12:48 of 2nd period - Tomas Nosek wins face-off versus Tomas Hertl in COLORADO GLACIERCATS zone.
13:29 of 2nd period - Shot by Tomas Hertl.
13:29 of 2nd period - Stopped by Jaroslav Halak without a rebound.
13:30 of 2nd period - Sam Reinhart wins face-off versus Pierre-Luc Dubois in RENO LIONS zone.
14:01 of 2nd period - Icing by Vladislav Gavrikov.
14:02 of 2nd period - Ryan Getzlaf wins face-off versus Elias Pettersson in COLORADO GLACIERCATS zone.
14:23 of 2nd period - Shot by Sam Reinhart.
14:23 of 2nd period - Shot Misses the Net.
14:40 of 2nd period - Shot by Anders Lee.
14:40 of 2nd period - Stopped by Troy Grosenick with a rebound.
15:28 of 2nd period - Icing by Anders Lee.
15:29 of 2nd period - Tyson Jost wins face-off versus Elias Pettersson in RENO LIONS zone.
16:03 of 2nd period - Shot by Blake Coleman.
16:03 of 2nd period - Stopped by Troy Grosenick without a rebound.
16:04 of 2nd period - Ryan Getzlaf wins face-off versus Tomas Nosek in COLORADO GLACIERCATS zone.
16:04 of 2nd period - Ryan Getzlaf is hit by Leo Komarov.
16:07 of 2nd period - Joonas Donskoi is hit by Tomas Nosek.
16:09 of 2nd period - Shot by Sam Reinhart.
16:09 of 2nd period - Stopped by Jaroslav Halak with a rebound.
16:18 of 2nd period - Icing by Joonas Donskoi.
16:19 of 2nd period - Ryan Getzlaf wins face-off versus Pierre-Luc Dubois in COLORADO GLACIERCATS zone.
16:57 of 2nd period - Off-side.
16:58 of 2nd period - Tomas Hertl wins face-off versus Tomas Nosek in neutral zone.
17:03 of 2nd period - Shot by Leon Draisaitl.
17:03 of 2nd period - Shot Blocked by Juuso Valimaki.
17:17 of 2nd period - Shot by Tomas Nosek.
17:17 of 2nd period - Stopped by Troy Grosenick with a rebound.
17:19 of 2nd period - Shot by Leo Komarov.
17:19 of 2nd period - Shot Misses the Net.
17:38 of 2nd period - Evgeny Dadonov is hit by Devon Toews and loses puck.
17:46 of 2nd period - Icing by Leon Draisaitl.
17:47 of 2nd period - Pierre-Luc Dubois wins face-off versus Tomas Hertl in COLORADO GLACIERCATS zone.
18:03 of 2nd period - Icing by Leon Draisaitl.
18:04 of 2nd period - Elias Pettersson wins face-off versus Tomas Hertl in COLORADO GLACIERCATS zone.
18:06 of 2nd period - Kirill Kaprizov is hit by Devon Toews and loses puck.
18:11 of 2nd period - Shot by Kirill Kaprizov.
18:11 of 2nd period - Deflect By Anders Lee.
18:11 of 2nd period - Shot Misses the Net.
18:13 of 2nd period - Shot by Jacob Trouba.
18:13 of 2nd period - Shot Blocked by Torey Krug.
19:29 of 2nd period - Shot by Tyson Jost.
19:29 of 2nd period - Stopped by Jaroslav Halak without a rebound.
19:30 of 2nd period - Evgeny Dadonov wins face-off versus Luke Glendening in RENO LIONS zone.
19:54 of 2nd period - Shot by Tomas Nosek.
19:54 of 2nd period - Stopped by Troy Grosenick without a rebound.
19:55 of 2nd period - Tyson Jost wins face-off versus Elias Pettersson in COLORADO GLACIERCATS zone.
19:55 of 2nd period - Tyson Jost is hit by Anders Lee.
Goals for this period are 0 for RENO LIONS vs 0 for COLORADO GLACIERCATS.
Shots for this period are 8 for RENO LIONS vs 7 for COLORADO GLACIERCATS.

3rd period


0:01 of 3rd period - Tomas Hertl wins face-off versus Pierre-Luc Dubois in neutral zone.
0:18 of 3rd period - Shot by Blake Coleman.
0:18 of 3rd period - Stopped by Troy Grosenick with a rebound.
0:38 of 3rd period - Shot by Cam Atkinson.
0:38 of 3rd period - Shot Misses the Net.
0:42 of 3rd period - Shot by Blake Coleman.
0:42 of 3rd period - Shot Misses the Net.
1:07 of 3rd period - Anders Lee is hit by Vladislav Gavrikov and loses puck.
1:16 of 3rd period - Shot by Elias Pettersson.
1:16 of 3rd period - Shot Blocked by Vladislav Gavrikov.
1:18 of 3rd period - Shot by Jacob Trouba.
1:18 of 3rd period - Stopped by Troy Grosenick with a rebound.
1:20 of 3rd period - Shot by Anders Lee.
1:20 of 3rd period - Shot Misses the Net.
1:23 of 3rd period - Minor Penalty to Devon Toews for Tripping.
1:24 of 3rd period - Luke Glendening wins face-off versus Pierre-Luc Dubois in COLORADO GLACIERCATS zone.
1:31 of 3rd period - Icing by Juuso Valimaki.
1:32 of 3rd period - Pierre-Luc Dubois wins face-off versus Luke Glendening in RENO LIONS zone.
1:40 of 3rd period - Off-side.
1:41 of 3rd period - Luke Glendening wins face-off versus Elias Pettersson in neutral zone.
1:44 of 3rd period - Oliver Ekman-Larsson is hit by Luke Glendening and loses puck.
2:30 of 3rd period - Off-side.
2:31 of 3rd period - Leon Draisaitl wins face-off versus Blake Coleman in neutral zone.
3:36 of 3rd period - Shot by Alex Iafallo.
3:36 of 3rd period - Shot Blocked by Ethan Bear.
3:38 of 3rd period - Shot by Devon Toews.
3:38 of 3rd period - Shot Misses the Net.
3:40 of 3rd period - Shot by Vladislav Gavrikov.
3:40 of 3rd period - Shot Blocked by Justin Schultz.
4:08 of 3rd period - Ryan Getzlaf is hit by Jayce Hawryluk and loses puck.
6:18 of 3rd period - Icing by Pierre-Luc Dubois.
6:19 of 3rd period - Pierre-Luc Dubois wins face-off versus Tyson Jost in RENO LIONS zone.
6:30 of 3rd period - Shot by Blake Coleman.
6:30 of 3rd period - Shot Misses the Net.
7:10 of 3rd period - Shot by Leo Komarov.
7:10 of 3rd period - Stopped by Troy Grosenick without a rebound.
7:11 of 3rd period - Ryan Getzlaf wins face-off versus Elias Pettersson in COLORADO GLACIERCATS zone.
7:32 of 3rd period - Icing by Anders Lee.
7:33 of 3rd period - Tomas Hertl wins face-off versus Elias Pettersson in RENO LIONS zone.
7:46 of 3rd period - Shot by Kirill Kaprizov.
7:46 of 3rd period - Shot Misses the Net.
7:52 of 3rd period - Shot by Kirill Kaprizov.
7:52 of 3rd period - Stopped by Troy Grosenick without a rebound.
7:53 of 3rd period - Cam Atkinson wins face-off versus Sam Reinhart in COLORADO GLACIERCATS zone.
8:16 of 3rd period - Torey Krug is hit by Pierre-Luc Dubois.
8:25 of 3rd period - Cam Atkinson is hit by Devon Toews and loses puck.
8:31 of 3rd period - Icing by Sam Reinhart.
8:32 of 3rd period - Ryan Getzlaf wins face-off versus Elias Pettersson in COLORADO GLACIERCATS zone.
8:41 of 3rd period - Shot by Joonas Donskoi.
8:41 of 3rd period - Shot Misses the Net.
8:46 of 3rd period - Joonas Donskoi is hit by Robert Hagg.
8:48 of 3rd period - Shot by Ryan Getzlaf.
8:48 of 3rd period - Stopped by Jaroslav Halak without a rebound.
8:49 of 3rd period - Tomas Nosek wins face-off versus Leon Draisaitl in RENO LIONS zone.
10:18 of 3rd period - Alex Iafallo is hit by Leo Komarov and loses puck.
10:29 of 3rd period - Justin Schultz is hit by Dustin Brown and loses puck.
11:09 of 3rd period - Shot by Joonas Donskoi.
11:09 of 3rd period - Shot Misses the Net.
12:41 of 3rd period - Icing by Juuso Valimaki.
12:42 of 3rd period - Elias Pettersson wins face-off versus Tyson Jost in RENO LIONS zone.
13:01 of 3rd period - Torey Krug is hit by Jayce Hawryluk and loses puck.
13:20 of 3rd period - Shot by Alex Iafallo.
13:20 of 3rd period - Shot Hit the Post.
13:22 of 3rd period - Shot by Tyson Jost.
13:22 of 3rd period - Shot Misses the Net.
13:49 of 3rd period - Jacob Trouba is hit by Ilya Lyubushkin and loses puck.
13:59 of 3rd period - Pierre-Luc Dubois is hit by Ilya Lyubushkin and loses puck.
14:05 of 3rd period - Icing by Ilya Lyubushkin.
14:06 of 3rd period - Tomas Nosek wins face-off versus Ryan Getzlaf in COLORADO GLACIERCATS zone.
16:09 of 3rd period - Off-side.
16:10 of 3rd period - Luke Glendening wins face-off versus Tomas Nosek in neutral zone.
16:30 of 3rd period - Leo Komarov is hit by Devon Toews and loses puck.
16:38 of 3rd period - Tomas Nosek is hit by Torey Krug and loses puck.
16:41 of 3rd period - Shot by Leo Komarov.
16:41 of 3rd period - Deflect By Tomas Nosek.
16:41 of 3rd period - Stopped by Troy Grosenick with a rebound.
17:24 of 3rd period - Shot by Blake Coleman.
17:24 of 3rd period - Goal by Blake Coleman - RENO LIONS : 1 - COLORADO GLACIERCATS : 0.
17:25 of 3rd period - Ryan Getzlaf wins face-off versus Elias Pettersson in neutral zone.
17:25 of 3rd period - Ryan Getzlaf is hit by Kirill Kaprizov.
17:29 of 3rd period - Shot by Sam Reinhart.
17:29 of 3rd period - Stopped by Jaroslav Halak with a rebound.
17:37 of 3rd period - Shot by Elias Pettersson.
17:37 of 3rd period - Shot Misses the Net.
17:39 of 3rd period - Shot by Kirill Kaprizov.
17:39 of 3rd period - Shot Hit the Post.
17:59 of 3rd period - Shot by Kirill Kaprizov.
17:59 of 3rd period - Shot Misses the Net.
18:01 of 3rd period - Shot by Juuso Valimaki.
18:01 of 3rd period - Stopped by Troy Grosenick with a rebound.
18:41 of 3rd period - Shot by Tomas Hertl.
18:41 of 3rd period - Shot Misses the Net.
19:33 of 3rd period - Shot by Cam Atkinson.
19:33 of 3rd period - Deflect By Blake Coleman.
19:33 of 3rd period - Shot Misses the Net.
19:51 of 3rd period - COLORADO GLACIERCATS, Troy Grosenick is pulled from the net.
Goals for this period are 1 for RENO LIONS vs 0 for COLORADO GLACIERCATS.
Shots for this period are 7 for RENO LIONS vs 2 for COLORADO GLACIERCATS.


NATHAN
MACKINNON
PHILLIP
DANAULT
CONNOR
MCDAVID

EAST COAST

HOCKEY LEAGUE

  • 25.QUE4CHI5
  • 26.CHA2LIM3
  • 27.TRV2LON3
  • 28.CHW4BAL2
  • 29.PITMAN
  • 30.ATLNHW
  • 31.WORPET
  • 32.RHI